Map: Ruins of Seras

Players

Sparkly - Winner!

  • Race: Terran Terran
  • League: Master

xMEMETOSSx

  • Race: Protoss Protoss
  • League: Master

VOD

Have the link to the VOD?

Description

Time

  • Played on: Dec. 24, 2015, 8:36 a.m.
  • Length: 10:15
Show
View Real Time Build Order
Export as new Build Order

Sparkly Terran - Winner!

Build Orders: MMM Bio 

Get SALT Encoding   

  12  0:01  SCV  
  13  0:13  SCV  
  14  0:18  Supply Depot  
  14  0:25  SCV  
  15  0:40  SCV  
  16  0:43  Barracks  
  16  0:47  Refinery  
  16  0:52  SCV  
  17  1:04  SCV  
  18  1:16  SCV  
  19  1:32  Orbital Command  
  19  1:36  Barracks Reactor  
  19  1:46  Command Center  
  19  2:00  SCV  
  20  2:02  Supply Depot  
  20  2:12  SCV  
  20  2:13  Marine x2  
  23  2:26  Factory  
  23  2:28  SCV  
  24  2:31  Marine x2  
  26  2:41  SCV  
  27  2:49  Command Center  
  27  2:53  Marine x2  
  27  2:57  SCV  
  29  3:08  Orbital Command  
  29  3:09  SCV  
  29  3:11  Factory Tech Lab  
  30  3:22  SCV  
  31  3:34  SCV, Cyclone, Marine x2  
  33  3:37  SCV  
  37  3:46  SCV  
  37  3:49  SCV  
  37  3:54  Refinery  
  38  3:57  Engineering Bay, Marine  
  38  3:58  SCV  
  38  4:01  SCV  
  41  4:09  Orbital Command  
  41  4:10  SCV  
  41  4:14  SCV  
  43  4:22  SCV  
  44  4:26  SCV  
  44  4:30  Supply Depot  
  45  4:34  SCV  
  45  4:38  SCV  
  47  4:39  SCV  
  47  4:45  Factory Tech Lab  
  48  4:46  SCV  
  48  4:47  Barracks  
  48  4:48  Barracks  
  48  4:50  SCV  
  48  4:51  SCV  
  51  4:55  Supply Depot, Stimpack  
  51  4:58  SCV  
  52  5:02  SCV  
  52  5:03  Terran Infantry Weapons Level 1  
  53  5:08  SCV  
  53  5:09  Marine  
  55  5:15  SCV, Factory Reactor  
  55  5:16  Starport  
  55  5:20  SCV x2  
  58  5:24  Refinery  
  58  5:26  Refinery  
  58  5:27  Marauder  
  58  5:28  SCV  
  61  5:33  SCV  
  61  5:34  SCV  
  63  5:41  SCV, Marine x2  
  63  5:42  Marauder  
  68  5:45  SCV  
  68  5:46  Barracks  
  68  5:48  Marine  
  71  5:50  Barracks  
  71  5:51  Orbital Command  
  70  5:59  Marine x2  
  70  6:03  Supply Depot, SCV x2  
  70  6:04  Supply Depot, Marauder  
  76  6:09  Factory Tech Lab  
  76  6:12  Combat Shields  
  76  6:15  SCV  
  77  6:23  Marauder, Medivac x2, Marine x2  
  77  6:25  SCV x2, Marauder  
  89  6:26  Supply Depot  
  89  6:28  SCV, Siege Tank  
  93  6:37  SCV x2  
  93  6:38  Supply Depot  
  95  6:40  SCV  
  95  6:44  Marine x4  
  95  6:45  Marauder  
  98  6:47  Marauder  
  98  6:49  SCV x2  
  97  7:03  Marine x2  
  97  7:04  SCV x2, Siege Tank, Medivac x2  
  97  7:06  Marauder  
  103  7:10  Marauder  
  103  7:15  SCV, Terran Infantry Armor Level 1  
  106  7:17  Barracks Tech Lab  
  106  7:18  Barracks Tech Lab  
  106  7:19  Barracks Reactor  
  106  7:20  SCV  
  105  7:24  Supply Depot  
  105  7:26  Supply Depot, Marine x2  
  105  7:28  Marauder  
  109  7:33  SCV x2  
  109  7:34  SCV  
  109  7:36  Refinery  
  112  7:37  Refinery  
  112  7:39  Marauder, Siege Tank, Marine  
  117  7:46  Marine x2, Medivac  
  117  7:49  Supply Depot, Marauder  
  124  7:51  SCV, Concussive Shells  
  124  7:52  Supply Depot  
  124  7:58  Missile Turret  
  122  8:07  Marauder x2, Marine x4  
  122  8:11  Marauder  
  133  8:15  Missile Turret  
  133  8:17  Liberator  
  135  8:21  Supply Depot  
  135  8:24  Barracks, Liberator  
  135  8:26  Siege Tank, Barracks, Marine x4  
  139  8:27  Barracks  
  139  8:29  Marauder x2  
  139  8:30  Starport  
  146  8:44  Marine x4  
  146  8:45  Marauder  
  152  8:51  Marauder x2  
  156  9:02  Marine  
  156  9:04  Liberator  
  156  9:07  Liberator  
  157  9:12  Supply Depot  
  157  9:13  Barracks Tech Lab  
  157  9:14  Marine x3  
  157  9:15  Marauder  
  157  9:16  Supply Depot  
  157  9:17  Supply Depot, Barracks Tech Lab x2  
  162  9:18  Starport Reactor  
  162  9:21  Marine  
  166  9:27  Marauder, Marine  
  166  9:30  SCV  
  173  9:33  SCV, Missile Turret, Marine  
  175  9:39  Siege Tank  
  175  9:43  Marauder, Marine  
  181  9:46  Marine  
  181  9:47  Marine x2  
  181  9:49  SCV x3  
Show
View Real Time Build Order
Export as new Build Order

xMEMETOSSx Protoss 

Build Orders:  

Get SALT Encoding   

  12  0:01  Probe (Chrono Boost)  
  13  0:11  Probe (Chrono Boost)  
  14  0:18  Pylon  
  14  0:22  Probe (Chrono Boost)  
  15  0:37  Probe (Chrono Boost)  
  15  0:39  Gateway  
  16  0:47  Probe (Chrono Boost)  
  17  0:51  Assimilator  
  17  0:55  Assimilator  
  17  0:58  Probe (Chrono Boost)  
  18  1:09  Probe (Chrono Boost)  
  19  1:12  Pylon  
  19  1:20  Probe (Chrono Boost)  
  20  1:26  Cybernetics Core  
  20  1:30  Probe (Chrono Boost)  
  21  1:41  Probe (Chrono Boost)  
  21  1:46  Pylon  
  22  1:51  Probe (Chrono Boost)  
  23  2:02  Probe (Chrono Boost)  
  23  2:05  Stargate  
  23  2:07  Warp Gate (Chrono Boost)  
  24  2:12  Probe (Chrono Boost)  
  25  2:16  Adept  
  27  2:43  Adept  
  29  2:49  Fleet Beacon  
  29  3:02  Gateway  
  29  3:03  Gateway  
  28  3:23  Gateway  
  32  3:42  Probe  
  31  3:48  Pylon  
  31  3:53  Twilight Council  
  31  3:54  Mothership Core  
  29  3:57  Pylon  
  29  4:05  Pylon  
  29  4:18  Pylon  
  29  4:27  Nexus  
  27  4:32  Blink (Chrono Boost)  
  26  4:44  Stalker x2  
  30  4:50  Stalker  
  32  4:59  Stalker  
  34  5:07  Stalker  
  36  5:14  Stalker  
  38  5:23  Stalker  
  38  5:26  Probe  
  41  5:33  Stalker  
  43  5:37  Probe  
  43  5:42  Probe  
  45  5:51  Stalker  
  45  5:56  Probe  
  47  6:02  Stalker  
  50  6:09  Pylon  
  50  6:11  Probe (Chrono Boost)  
  50  6:12  Probe (Chrono Boost)  
  52  6:19  Pylon  
  52  6:23  Probe (Chrono Boost)  
  52  6:24  Probe (Chrono Boost)  
  54  6:31  Stalker  
  56  6:35  Stalker  
  56  6:47  Stalker x2  
  60  6:59  Stalker x2  
  50  7:13  Stalker x2  
  51  7:16  Probe x2 (Chrono Boost)  
  52  7:23  Stalker x2  
  52  7:26  Probe x2 (Chrono Boost)  
  58  7:34  Dark Shrine  
  58  7:49  Probe (Chrono Boost), Pylon  
  58  7:50  Probe (Chrono Boost)  
  60  7:55  Stalker x2  
  60  7:56  Stalker  
  64  8:13  Stalker  
  64  8:15  Probe (Chrono Boost)  
  64  8:16  Probe (Chrono Boost)  
  64  8:19  Assimilator  
  68  8:23  Assimilator  
  68  8:24  Pylon  
  68  8:31  Nexus  
  68  8:46  Stalker  
  68  8:47  Stalker x2  
  72  8:49  Stalker  
  72  8:54  Probe (Chrono Boost)  
  72  8:55  Probe (Chrono Boost)  
  76  9:05  Probe (Chrono Boost)  
  76  9:07  Mothership Core (Chrono Boost)  
  79  9:10  Pylon  
  79  9:11  Pylon  
  79  9:13  Templar Archives  
  79  9:16  Probe (Chrono Boost)  
  80  9:24  Forge  
  80  9:25  Probe (Chrono Boost)  
  80  9:27  Probe (Chrono Boost)  
  82  9:36  Dark Templar, Probe (Chrono Boost)  
  85  9:44  Dark Templar x2  
  88  9:51  Adept  
  90  9:55  Probe (Chrono Boost)  
  90  9:56  Probe (Chrono Boost)  
Tags
 
Add a new tag
Caveats
  • Supply blocks, unpowered buildings, or Contaminate may cause inaccurate times.
  • Supply counts are checked every 10 seconds.